 Dungeon Crawl Stone Soup version 0.30-a0-368-g86fb4627a9 (webtiles) character file.

Game seed: 1428090616025045960

3612 KennySheep the Destroyer (level 9, -15/48 HPs)
             Began as a Deep Elf Conjurer on Nov 19, 2022.
             Was an Initiate of Gozag.
             Shot with an arrow by a centaur warrior (22 damage)
             ... on level 8 of the Dungeon on Nov 20, 2022.
             The game lasted 00:36:18 (8646 turns).

KennySheep the Destroyer (Deep Elf Conjurer)        Turns: 8646, Time: 00:36:18

Health: -15/48     AC:  6    Str:  7    XL:     9   Next: 86%
Magic:  4/23       EV: 12    Int: 31    God:    Gozag
Gold:   249        SH:  5    Dex: 13    Spells: 18/25 levels left

rFire   + . .      SeeInvis .    a - +7 dagger "Woxapsul" {flame, rF+ rN+ Int+3}
rCold   . . .      Faith    .    (no shield)
rNeg    + . .      Spirit   .    u - +1 robe "Uneogh" {Str+3}
rPois   .          Reflect  +    (no helmet)
rElec   .          Harm     .    G - +2 cloak {Stlth+}
rCorr   .          Rampage  .    (no gloves)
Will    ++...      Clarity  +    (no boots)
Stlth   +++.......               o - amulet of reflection
HPRegen 0.28/turn                f - ring of willpower
MPRegen 0.18/turn                (no ring)

@: gold aura
A: clarity, strong-willed 1
a: Renounce Religion, Potion Petition, Call Merchant, Bribe Branch


You were on level 8 of the Dungeon.
You worshipped Gozag.
Gozag was aware of your devotion.
You visited 1 branch of the dungeon, and saw 8 of its levels.
You also visited: Ossuary.

You collected 1318 gold pieces.
You spent 240 gold pieces at shops.
You paid 829 gold pieces to Gozag.

Inventory:

Hand Weapons
 a - the +7 dagger "Woxapsul" (weapon) {flame, rF+ rN+ Int+3}
   (You found it on level 4 of the Dungeon)

   It burns those it strikes, dealing additional fire damage.
   Int:       It affects your intelligence (+3).
   rF:        It protects you from fire.
   rN:        It protects you from negative energy.
Armour
 u - the +1 robe "Uneogh" (worn) {Str+3}
   (You found it on level 4 of the Dungeon)

   Str:       It affects your strength (+3).
 G - a +2 cloak of stealth (worn)
Jewellery
 f - a ring of willpower (left hand)
 o - an amulet of reflection (around neck)
Wands
 l - a wand of flame (17)
 D - a wand of polymorph (13)
Scrolls
 d - 4 scrolls of immolation
 g - a scroll of amnesia
 j - 2 scrolls of identify
 r - a scroll of fog
 w - 4 scrolls of enchant weapon
 x - a scroll of brand weapon
 y - a scroll of summoning
 A - a scroll of poison
 B - 2 scrolls of teleportation
 C - 2 scrolls of magic mapping
 F - a scroll of noise
Potions
 b - a potion of magic
 c - a potion of berserk rage {unknown}
 e - a potion of invisibility {unknown}
 h - a potion of flight {unknown}
 i - 3 potions of degeneration
 k - 2 potions of curing
 m - 3 potions of heal wounds
 n - a potion of attraction
 p - a potion of resistance {unknown}
 q - 2 potions of mutation
 s - a potion of brilliance
 t - a potion of haste {unknown}
 v - a potion of ambrosia
 z - a potion of lignification {unknown}
 E - a potion of cancellation {unknown}


   Skills:
 + Level 2.0 Fighting
 - Level 2.4 Dodging
 - Level 2.4 Stealth
 + Level 8.6 Spellcasting
 * Level 10.6 Conjurations
 * Level 9.6 Translocations


You had 18 spell levels left.
You knew the following spells:

 Your Spells              Type           Power      Damage    Failure   Level
a - Magic Dart            Conj           100%       1d8       1%          1
b - Searing Ray           Conj           100%       2d8       1%          2
c - Iskenderun's Mystic   Conj/Tloc      66%        2d14      1%          4

Your spell library contained the following spells:

 Spells                   Type           Power      Damage    Failure   Level
 Static Discharge         Conj/Air       92%        2-6/arc   1%          2
 Dazzling Flash           Conj/Hex       92%        N/A       1%          3
 Portal Projectile        Hex/Tloc       86%        N/A       1%          3
 Stone Arrow              Conj/Erth      92%        3d12      1%          3
 Vhi's Electric Charge    Tloc/Air       86%        N/A       1%          3
 Mephitic Cloud           Conj/Pois/Air  35%        N/A       2%          3
 Sandblast                Erth           26%        2d8       3%          1
 Fulminant Prism          Conj/Hex       23%        3d12      4%          4
 Cigotuvi's Dreadful Rot  Necr/Pois/Air  26%        N/A       6%          2
 Passwall                 Tmut/Erth      10%        N/A       6%          2
 Poisonous Vapours        Pois/Air       26%        N/A       6%          2
 Frozen Ramparts          Ice            26%        1d4       12%         3
 Tukima's Dance           Hex            13%        N/A       12%         3
 Arcjolt                  Conj/Air       23%        1d33      12%         5
 Lightning Bolt           Conj/Air       23%        1d38      12%         5
 Ice Form                 Ice/Tmut       13%        N/A       36%         4
 Summon Ice Beast         Ice/Summ       13%        N/A       36%         4
 Blade Hands              Tmut           6%         N/A       71%         5


Dungeon Overview and Level Annotations

Branches:
Dungeon (8/15)             Temple (0/1) D:6         Ossuary (visited)
   Lair: D:8-11

Altars:
Ashenzari
Gozag
Qazlal

Shops:
D:4 :   D:5 :   D:7 [*


Innate Abilities, Weirdness & Mutations

You possess an exceptional clarity of mind.
You are strong-willed. (Will+)


Message History

The mystic blast hits the jelly!!
You kill the jelly!
The mystic blast hits the kobold!
You kill the kobold!
You hear an angry hiss.
You hear a shout!
You now have 239 gold pieces (gained 9).
Things that are here:
a +0 dagger; 3 poisoned darts; a +0 short sword You now have 249 gold pieces (gained 10).
You see here a +0 short sword.
A bullfrog comes into view.
The bullfrog moves out of view.
You start resting.
A bullfrog is nearby!
A bullfrog is nearby!
You see here a +0 short sword.
The bullfrog hits you. x2
You closely miss the bullfrog. You block the bullfrog's attack.
You hit the bullfrog. You burn the bullfrog.
The bullfrog is moderately wounded.
The bullfrog hits you. You block the bullfrog's attack.
You hit the bullfrog. You burn the bullfrog.
The bullfrog is heavily wounded.
The bullfrog closely misses you.
You puncture the bullfrog! You burn the bullfrog.
You kill the bullfrog!
A howler monkey comes into view.
A centaur warrior comes into view. It is wielding a +0 rapier.
You strike the helpless howler monkey from behind!
You puncture the howler monkey! You burn the howler monkey.
You kill the howler monkey!
The centaur warrior unwields a +0 rapier.
The centaur warrior wields a +0 shortbow.
The centaur warrior shoots an arrow.
The arrow hits you!!
* * * LOW HITPOINT WARNING * * *
As you read the scroll of identify, it crumbles to dust.
F - a scroll of noise The centaur warrior shoots an arrow.
The arrow hits you!!
You die...
Your body crumbles into a pile of gold.

#.#
......#.#
#.#
......#.#
#<#
.$....#.##
#.#
#......
#.# #.>$#
..# #$##
### #).# #
#).# #
#.@# #
#$$##
##$$$# .
#$$#.c# .#
#. #$###.#
.##...#
##.# .#
.... ..#
#>.# ..
######..#
#.## .~ $
..#.....#
#.# .#.~#


You could see a centaur warrior.

Vanquished Creatures
  A komodo dragon (D:5)
  3 steam dragons
  A sky beast (D:7)
  A black bear (D:4)
  An orc warrior (D:7)
  2 ogres
  3 centaurs
  A phantom (D:4)
  4 kobold brigands
  11 scorpions
  A necrophage (D:7)
  3 bullfrogs
  A wight (D:6)
  3 howler monkeys (D:8)
  2 centaur zombies (Ossuary)
  4 hounds
  2 human zombies (Ossuary)
  2 gnoll boudas
  2 jellies
  2 orc priests
  3 iguanas
  2 scorpion zombies (Ossuary)
  3 orc wizards
  3 mummies (Ossuary)
  4 gnolls
  5 adders
  A shadow imp (D:6)
  A white imp (D:5)
  An ufetubus (D:5)
  3 dart slugs
  23 orcs
  8 ball pythons
  7 bats
  5 endoplasms
  4 giant cockroaches
  7 goblins
  5 hobgoblins
  5 jackals
  5 quokkas
  5 frilled lizards
  3 gnoll zombies (Ossuary)
  3 hobgoblin zombies (Ossuary)
  25 kobolds
  2 kobold zombies (Ossuary)
  3 orc zombies (Ossuary)
  7 rats
193 creatures vanquished.

Vanquished Creatures (others)
  4 plants (D:5)
4 creatures vanquished.

Grand Total: 197 creatures vanquished

Notes
Turn   | Place    | Note
-------+----------+-------------------------------------------
     0 | D:1      | KennySheep the Deep Elf Conjurer began the quest for the
                  | Orb.
     0 | D:1      | Reached XP level 1. HP: 10/10 MP: 6/6
   190 | D:1      | Reached skill level 1 in Translocations
   251 | D:1      | Reached XP level 2. HP: 15/15 MP: 6/8
   254 | D:1      | Learned a level 2 spell: Searing Ray
   726 | D:1      | Reached XP level 3. HP: 19/19 MP: 6/9
  1181 | D:2      | Found a stormy altar of Qazlal.
  1453 | D:2      | Reached skill level 5 in Conjurations
  2098 | D:3      | Reached XP level 4. HP: 24/24 MP: 5/11
  2284 | D:3      | Found an opulent altar of Gozag.
  2289 | D:3      | Found a stormy altar of Qazlal.
  2365 | D:3      | Became a worshipper of Gozag Ym Sagoz the Greedy
  2654 | D:3      | Learned a level 4 spell: Iskenderun's Mystic Blast
  2965 | D:4      | Noticed a phantom
  2985 | D:4      | Killed a phantom
  2986 | D:4      | Reached XP level 5. HP: 28/28 MP: 3/13
  3277 | D:4      | Identified the +1 robe "Uneogh" {Str+3}
  3306 | D:4      | Reached skill level 6 in Conjurations
  3385 | D:4      | Identified the +7 dagger "Woxapsul" {flame, rF+ rN+ Int+3}
  3431 | D:4      | Noticed a black bear
  3438 | D:4      | Killed a black bear
  3439 | D:4      | Reached XP level 6. HP: 32/32 MP: 3/15
  3591 | D:4      | Reached skill level 5 in Spellcasting
  3736 | D:4      | Found Ysahiclu's Book Shop.
  3915 | D:5      | Entered Level 5 of the Dungeon
  3960 | D:5      | Found a sand-covered staircase.
  3966 | Ossuary  | Entered an ossuary
  4143 | Ossuary  | Reached skill level 5 in Translocations
  4143 | Ossuary  | Reached XP level 7. HP: 22/36 MP: 1/16
  4261 | Ossuary  | Reached skill level 7 in Conjurations
  4740 | Ossuary  | Reached XP level 8. HP: 41/41 MP: 14/19
  4744 | Ossuary  | Reached skill level 8 in Conjurations
  4768 | Ossuary  | Gained mutation: You occasionally lose the ability to drink
                  | potions when taking damage. [potion of mutation]
  4769 | Ossuary  | Lost mutation: You occasionally lose the ability to drink
                  | potions when taking damage. [potion of mutation]
  4769 | Ossuary  | Gained mutation: You possess an exceptional clarity of
                  | mind. [potion of mutation]
  4769 | Ossuary  | Gained mutation: You are strong-willed. (Will+) [potion of
                  | mutation]
  5202 | D:5      | Noticed a komodo dragon
  5214 | D:5      | Killed a komodo dragon
  5576 | D:5      | Found Oleosutz's Vocational Training.
  5814 | D:6      | Found a staircase to the Ecumenical Temple.
  5827 | D:6      | Reached skill level 9 in Conjurations
  6111 | D:6      | Reached XP level 9. HP: 41/45 MP: 11/22
  7565 | D:7      | Reached skill level 1 in Fighting
  7565 | D:7      | Reached skill level 10 in Conjurations
  7982 | D:7      | Bought a runed cloak for 240 gold pieces
  8038 | D:7      | Found a broken altar of Ashenzari.
  8264 | D:7      | Found Muaphous's General Store.
  8644 | D:8      | Noticed a centaur warrior
  8646 | D:8      | Shot with an arrow by a centaur warrior

Illustrated notes

Levels and vault maps discovered:
D:1:      elethiomel_arrival_infinity_welcomes_careful_drivers,
          layout_loops_ring
D:2:      layout_loops_ring, basic_altar
D:3:      layout_basic, chequers_temple_overflow_statue_of_worship,
          minmay_misc_feat_square
D:4:      layout_rooms, serial_shops, nicolae_shop_behind_doors
D:5:      layout_loops_ring, enter_ossuary_1, serial_bayou, serial_bayou_ford_a,
          serial_bayou_lagoon_b, serial_bayou_pond_c, serial_bayou_pond_d,
          nicolae_shop_vocational
D:6:      layout_loops_corners, minmay_temple_entry_junction_2,
          minmay_fractal_squares_gapless_5
D:7:      layout_basic, ashenzari_altar_1, serial_shops,
          nicolae_shop_hallway_stairs
D:8:      cheibrodos_ideogram_h, layout_rooms,
          mainiacjoe_overflow_concentric_impassable, dpeg_lair_monsters,
          hangedman_abyss_or_decor_stagger, kennysheep_kite_vault

Skill      XL: |  1  2  3  4  5  6  7  8  9 |
---------------+----------------------------+-----
Translocations | 1 2 3 4 5 6 8 9 |  9.6
Conjurations   | 5 6 7 9 10 | 10.6
Spellcasting   | 4 5 6 7 8 |  8.6
Fighting       | 2 |  2.0
Dodging        | |  2.4
Stealth        | |  2.4

Action                   |  1- 3 |  4- 6 |  7- 9 || total
-------------------------+-------+-------+-------++-------
Melee: Dagger            |       |     2 |    52 ||    54
       Punch             |       |       |     1 ||     1
 Cast: Magic Dart        |    91 |    77 |    64 ||   232
       Searing Ray       |       |    13 |    14 ||    27
       Iskenderun's Myst |       |     2 |    60 ||    62
Invok: Call Merchant     |       |       |     1 ||     1
Evoke: Wand              |       |       |     1 ||     1
  Use: Scroll            |       |     7 |     6 ||    13
       Potion            |       |       |     8 ||     8
 Stab: Distracted        |       |       |     1 ||     1
       Sleeping          |       |       |     1 ||     1
Armor: Robe              |       |     2 |    30 ||    32
Dodge: Dodged            |     5 |    18 |    72 ||    95
Block: Other             |       |       |     4 ||     4

Table legend: (Time is in decaauts)
 A = Elapsed time spent in this place.
 B = Non-inter-level travel time spent in this place.
 C = Inter-level travel time spent in this place.
 D = Time resting spent in this place.
 E = Time spent auto-exploring this place.
 F = Levels seen in this place.
 G = Mean time per level.
                   A        B        C        D        E       F      G
               +--------+--------+--------+--------+--------+-----+--------+
         Total |   8665 |   8435 |    230 |   1028 |   6178 |   9 |  962.8 |
       Dungeon |   7799 |   7569 |    230 |    847 |   5774 |   8 |  974.9 |
       Ossuary |    865 |    865 |      0 |    181 |    404 |   1 |  865.0 |
               +--------+--------+--------+--------+--------+-----+--------+

Top non-repeatable levels by time:
     D:6: 1422 daAuts
     D:7: 1294 daAuts
     D:1: 1042 daAuts
     D:5: 1035 daAuts
     D:4: 987 daAuts
     D:2: 953 daAuts
     D:3: 939 daAuts
 Ossuary: 865 daAuts
     D:8: 123 daAuts
